 Dungeon Crawl Stone Soup version 0.30.0-19-g36f170ea60 (webtiles) character file.

Game seed: 6928226992423141391

285 2FriedEggs the Slasher (level 6, -10/43 HPs)
             Began as an Octopode Berserker on May 30, 2023.
             Was a Believer of Trog.
             Killed by divine providence
             ... invoked by an orc priest
              (16 damage)
             ... on level 4 of the Dungeon.
             The game lasted 00:05:01 (2386 turns).

2FriedEggs the Slasher (Octopode Berserker)         Turns: 2386, Time: 00:05:01

Health: -10/43     AC:  1    Str: 17    XL:     6   Next: 29%
Magic:  6/6        EV: 14    Int:  9    God:    Trog [**....]
Gold:   182        SH:  0    Dex: 13    Spells: 5/5 levels left

rFire   . . .        a - +0 falchion (vamp)
rCold   . . .        (no shield)
rNeg    . . .        (helmet restricted)
rPois   .            (no amulet)
rElec   .            l - ring of willpower
rCorr   .            (no ring)
SInv    .            (no ring)
Will    +++..        (no ring)
Stlth   ++           (no ring)
HPRegen 1.27/turn    (no ring)
MPRegen 0.10/turn    (no ring)
                     (no ring)

%: no passive effects
@: strong-willed, on berserk cooldown, regenerating, slowed, very slow
A: almost no armour, amphibious, 8 rings, camouflage 1, gelatinous body 1,
(nimble swimmer 1), tentacles
a: Renounce Religion, Berserk, Trog's Hand


You were on level 4 of the Dungeon.
You worshipped Trog.
Trog was pleased with you.
You visited 2 branches of the dungeon, and saw 5 of its levels.

You collected 182 gold pieces.

Inventory:

Hand Weapons
 a - a +0 vampiric falchion (weapon)
 f - a +2 vampiric dagger
Jewellery
 l - a ring of willpower (left tentacle)
Scrolls
 e - a scroll of teleportation
 i - a scroll of amnesia {unknown}
 j - a scroll of blinking {unknown}
Potions
 c - a potion of might {unknown}
 g - a potion of haste {unknown}
 h - 2 potions of mutation {unknown}
 n - a potion of curing
 o - a potion of heal wounds {unknown}
 p - a potion of flight {unknown}


   Skills:
 + Level 4.2 Fighting
 * Level 5.3 Long Blades
 + Level 4.2 Dodging


You had 5 spell levels left.
You didn't know any spells.
Your spell library was empty.

Dungeon Overview and Level Annotations

Branches:
Dungeon (4/15)             Temple (1/1) D:4

Altars:
Dithmenos
Fedhas
Gozag
Hepliaklqana
Nemelex Xobeh
Okawaru
Uskayaw
Vehumet
Xom
Yredelemnul
Zin

Shops:
D:2 (


Innate Abilities, Weirdness & Mutations

You cannot wear most types of armour.
You are amphibious.
You can wear up to eight rings at the same time.
Your skin changes colour to match your surroundings (Stealth+).
Your rubbery body absorbs attacks. (AC +1, EV +1)
((You are camouflaged when in or above water. (Stealth+)))
You have tentacles for arms and can constrict up to eight enemies at once.


Message History

The phantom is severely damaged.
The giant cockroach bites you.
You slash the phantom!
You destroy the phantom!
Trog accepts your kill. The giant cockroach bites you.
You have reached level 6!
You hit the giant cockroach.
You kill the giant cockroach!
Trog accepts your kill.
You feel a strong urge to attack something.
You are no longer berserk.
You are exhausted.
You feel yourself slow down.
The giant cockroach closely misses you. x2
You closely miss the giant cockroach. Your grab misses the giant cockroach.
You hear the slow hiss of an avalanche of sand very nearby.
The giant cockroach misses you. The giant cockroach barely misses you.
You hit the giant cockroach.
You feel better.
You kill the giant cockroach!
Trog accepts your kill.
An orc comes into view. It is wielding a +0 hand axe.
An orc comes into view. It is wielding a +0 flail.
The orc shouts!
You hear a shout!
An orc priest comes into view. It is wielding a +0 dagger.
An orc wizard comes into view. It is wielding a +0 dagger.
The orc hits you with a +0 flail! The orc attacks as you move away!
The orc hits you with a +0 flail!
* * * LOW HITPOINT WARNING * * *
The orc wizard shouts!
An orc priest comes into view. It is wielding a +0 trident.
The orc attacks as you move away! The orc hits you with a +0 flail!
* * * LOW HITPOINT WARNING * * *
The orc hits you with a +0 flail.
* * * LOW HITPOINT WARNING * * *
Your skin crawls.
You feel strong-willed.
The orc priest mumbles some strange prayers to Beogh against you.
Beogh smites you!
You die...

,,,,*,*** *,** *,*,,*,,,,,,,,,,*
,,,,,,,,* *,* *..,*,,,,>,,...,#
,,**,,,,****,* ##..,,,*,,,,,...*#
,,,,,,,,,,,,,*##..#****,,,,,..**#
,,,,,,,,,,,,,##...# *,****.#* #
,,,,,,,,,,,,,,....* *,* ##.# #
****∩********,#..#* *,* #..####
*,* *,#..#*####.###.##§§§ ***,***
###o@##.....#...##§## **,,,,,**
#..o#...#***#.##.§§.§ *8,,∩,,8*
#.....### ##.##.##.§ **,,,,,**
##.#..######.....#..#
############.....o#.......###..#
*.............###o.o....#####.##
*#.*#....##....###...#### #..#
#.##..*#...##......o#######..#
#....##.!..#######.o.........#


You could see an orc priest, an orc wizard and 2 orcs.

Vanquished Creatures
  A phantom (D:4)
  A hound (D:3)
  Jessica (D:2)
  3 gnolls
  5 adders
  A worm (D:3)
  2 dart slugs
  5 orcs
  4 endoplasms
  3 giant cockroaches
  5 goblins
  7 hobgoblins
  4 jackals (D:3)
  4 quokkas
  4 ball pythons
  3 bats
  3 frilled lizards
  8 kobolds
  6 rats
70 creatures vanquished.

Notes
Turn   | Place    | Note
-------+----------+-------------------------------------------
     0 | D:1      | 2FriedEggs the Octopode Berserker began the quest for the
                  | Orb.
     0 | D:1      | Reached XP level 1. HP: 16/16 MP: 1/1
   170 | D:1      | Reached XP level 2. HP: 15/21 MP: 2/2
   287 | D:1      | Found a faded altar of an unknown god.
   728 | D:1      | Reached ** piety under Trog
   729 | D:1      | Reached XP level 3. HP: 19/26 MP: 3/3
  1020 | D:2      | Found Zent's Antique Weapon Shoppe.
  1098 | D:2      | HP: 1/26 [poisoned by an adder]
  1104 | D:2      | HP: 1/26 [adder (1)]
  1114 | D:1      | Reached skill level 4 in Long Blades
  1114 | D:1      | Reached XP level 4. HP: 9/31 MP: 4/4
  1253 | D:2      | Noticed Jessica
  1257 | D:2      | Killed Jessica
  1299 | D:2      | Identified the +4 whip of Fundamental Breach {speed,
                  | Fragile Fly Str-5 Int+8}
  1573 | D:3      | Reached XP level 5. HP: 33/37 MP: 5/5
  2020 | D:3      | Found a sparkling altar of Nemelex Xobeh.
  2275 | D:4      | Found a staircase to the Ecumenical Temple.
  2280 | D:4      | Reached skill level 5 in Long Blades
  2292 | Temple   | Entered the Ecumenical Temple
  2354 | D:4      | Noticed a phantom
  2369 | D:4      | Killed a phantom
  2370 | D:4      | Reached XP level 6. HP: 29/43 MP: 6/6
  2386 | D:4      | Killed from afar by an orc priest

Illustrated notes

Levels and vault maps discovered:
D:1:      shiori_arrival_maze, layout_basic, ebering_ecumenical_altar_rust
D:2:      layout_rooms, serial_shops, nicolae_square_shop, uniq_jessica
D:3:      layout_loops_ring, mainiacjoe_overflow_six_doors_small,
          hangedman_decor_slide_cut
D:4:      layout_rooms, minmay_temple_entry_offerings,
          chequers_ossuary_entry_cave, uniq_eustachio
Temple:   hellmonk_temple_rainy

Skill      XL: |  1  2  3  4  5 |
---------------+----------------+-----
Long Blades    | 4 5 |  5.3
Dodging        | 4 |  4.2
Fighting       | 4 |  4.2

Action                     |  1- 3 |  4- 6 || total
---------------------------+-------+-------++-------
  Melee: Falchion          |    64 |    78 ||   142
         Constrict         |    19 |    20 ||    39
         Tentacles         |    12 |    18 ||    30
         Punch             |       |     1 ||     1
 Invoke: Berserk           |     1 |     1 ||     2
         Trog's Hand       |       |     1 ||     1
    Use: Potion            |     2 |       ||     2
         Scroll            |       |     7 ||     7
   Stab: Sleeping          |     3 |     3 ||     6
 Armour: Skin              |     4 |     5 ||     9
  Dodge: Dodged            |    37 |    66 ||   103
